 Dungeon Crawl Stone Soup version 0.32-a0-468-g38b2580584 (webtiles) character file.

Game seed: 8821299080986856196

20 gimp the Ruffian (level 3, 27/27 HPs)
             Began as a Djinni Shapeshifter on Feb 24, 2024.
             Got out of the dungeon alive.
             The game lasted 00:01:24 (617 turns).

gimp the Ruffian (Djinni Shapeshifter)               Turns: 617, Time: 00:01:25

Health: 27/27      AC:  2    Str: 13    XL:     3   Next: 0%
Gold:   24         EV: 12    Int: 13    God:
                   SH:  0    Dex: 12

rFire   + +          .
                       - Unarmed
rCold   x . .        (no shield)
rNeg    . . .        a - +0 animal skin
rPois   ∞            (helmet currently unavailable)
rElec   .            (cloak currently unavailable)
rCorr   .            (gloves currently unavailable)
SInv    .            (boots unavailable)
Will    .....        (no amulet)
Stlth   +            (no ring)
HPRegen 0.24/turn    (no ring)
MPRegen 0.00/turn

%: no passive effects
@: beast-form, flying
A: beast (slay +1), flying, sickness immunity, fire resistance 2, cold
vulnerability 1, float, innate caster, HP casting, extra vitality 1
a: Begin Untransformation


You escaped.
You were a hulking beast.
You visited 1 branch of the dungeon, and saw 1 of its levels.

You collected 24 gold pieces.

Inventory:

Armour
 a - a +0 animal skin (worn)
Talismans
 c - a beast talisman (active)
 d - a flux talisman
Scrolls
 e - 2 scrolls of identify {unknown}
Potions
 b - 2 potions of lignification
 f - a potion of degeneration {unknown}


   Skills:
 + Level 1.5 Fighting
 + Level 2.5 Dodging
 + Level 3.2 Unarmed Combat
 + Level 2.9 Shapeshifting


You knew the following spells:

 Your Spells              Type           Power      Damage    Failure   Level
a - Foxfire               Conj/Fire      0%         2x1d4     30%         1
Your spell library was empty.

Dungeon Overview and Level Annotations

Branches:
Dungeon (1/15)

Altars:
Cheibriados


Innate Abilities, Weirdness & Mutations

You are a hulking beast.
Your limbs bulge with bestial killing power. (Slay +1)
You are flying.
You are immune to sickness and miasma.
You are immune to poison.
Your flesh is very heat resistant. (rF++)
You are vulnerable to cold. (rC-)
You float through the air rather than walking.
You learn spells naturally, not from books.
Your magical power is your life essence.
You have superior vitality. (+4 MHP)


Message History

The quokka barely misses you.
You hit the quokka.
You kill the quokka!
The goblin closely misses you.
You hit the goblin.
You kill the goblin!
You see here a +0 dagger.
You see here a giant cockroach corpse.
e - a scroll labelled JIUVIA ORACRU Health restored: 22
Found 5 stones.
Found 4 poisoned darts.
A dart slug comes into view.
A dart slug is nearby!
You hit the dart slug.
The dart slug is heavily wounded.
The dart slug launches a dart at you. The slug dart misses you.
You hit the dart slug but do no damage.
The dart slug is heavily wounded.
You hit the dart slug but do no damage.
The dart slug is heavily wounded.
The dart slug launches a dart at you. The slug dart hits you.
You take 5 damage, and have 17/22 hp.
MASSIVE DAMAGE!!
You hit the dart slug.
The dart slug is almost dead.
The dart slug bites you.
You take 1 damage, and have 16/22 hp.
You hit the dart slug.
You kill the dart slug!
You see here a dart slug corpse.
You reach down and open the door.
Found 8 stones.
Health restored: 22
There is an open door here.
e - 2 scrolls labelled JIUVIA ORACRU (gained 1) As you open the door, it creaks loudly!
There is an open door here.
A kobold comes into view. It is wielding a +0 club.
A kobold is nearby!
A goblin comes into view. It is wielding a +0 dagger.
Found a whip.
The goblin shouts!
The goblin hits you with a +0 dagger.
You take 1 damage, and have 21/22 hp.
The kobold attacks as it pursues you! The kobold hits you with a +0 club.
You take 3 damage, and have 18/22 hp.
You hit the goblin.
You kill the goblin!
You closely miss the kobold. The kobold misses you.
You hit the kobold.
The kobold is severely wounded.
The kobold misses you.
You hit the kobold.
You kill the kobold!
No target in view!
No target in view!
Items here: )) ††.
A rat comes into view.
Health restored: 22 A rat is nearby!
A rat is nearby!
The rat closely misses you.
You barely miss the rat. The rat closely misses you.
You hit the rat but do no damage. The rat closely misses you.
You hit the rat.
You kill the rat!
No target in view!
No target in view!
No target in view!
f - a fizzy green potion A hobgoblin comes into view.
The hobgoblin shouts!
The hobgoblin moves out of view.
A hobgoblin is nearby!
A hobgoblin is nearby!
The hobgoblin completely misses you.
You hit the hobgoblin.
You kill the hobgoblin!
You have reached level 3!
Your experience leads to an increase in your attributes!
Increase (S)trength, (I)ntelligence, or (D)exterity?
You feel clever. x2
The power to cast Foxfire wells up from within.
Spell assigned to 'a'.
Health restored: 27 Unknown command.
Welcome back, gimp the Djinni Shapeshifter.
Press ? for a list of commands and other information.
Items here: )) ††.
There is an open door here.
There is an open door here.
As you open the door, it creaks loudly!
You can't go up here!
There is an open door here.
You reach down and open the door.
There is an open door here.
There is a staircase leading out of the dungeon here.
You have escaped!

#≈§§§§§≈≈≈...# #.#
#≈§§≈≈§§≈≈§§.## #.#
#§≈≈≈≈§≈§≈≈...## #.#
#≈≈≈≈≈§§§≈.....###'##
#≈≈≈§≈§§§.......#...##
#§§≈≈≈§≈...#..#......##
#≈≈§.......####.......####
#≈......##.###.........#..
#.§.....#h...'.........').
#..........###.........#.#
###.#.#..### ##.......##.#
#.#.##.# ##.....###.#
#.#.##.# ##...## #>#
#.#.##.# ##'## #.#
#.#.##.# #.# #.# #......##
#.# #.. ###.....# ##.##
###


There were no monsters in sight!

Vanquished Creatures
  2 dart slugs (D:1)
  2 giant cockroaches (D:1)
  A hobgoblin (D:1)
  2 quokkas (D:1)
  A ball python (D:1)
  4 goblins (D:1)
  A kobold (D:1)
  2 rats (D:1)
15 creatures vanquished.

Notes
Turn   | Place    | Note
-------+----------+-------------------------------------------
     0 | D:1      | gimp the Djinni Shapeshifter began the quest for the Orb.
     0 | D:1      | Reached XP level 1. HP: 17/17 MP: 0/0
    15 | D:1      | Found a snail-covered altar of Cheibriados.
   118 | D:1      | Reached XP level 2. HP: 8/22 MP: 0/0
   546 | D:1      | Reached XP level 3. HP: 27/27 MP: 0/0
   546 | D:1      | Learned a level 1 spell: Foxfire
   617 | D:$      | Got out of the dungeon alive.

Illustrated notes

Levels and vault maps discovered:
D:1:      dpeg_arrival_lava_altar, layout_loops_corners, serial_shops, shop,
          shop, shop, minmay_misc_feat_roman

Action                     || total
---------------------------++-------
  Melee: Unarmed           ||    48
   Stab: Sleeping          ||     1
 Armour: Animal skin       ||    26
  Dodge: Dodged            ||    24

Table legend: (Time is in decaauts)
 A = Elapsed time spent in this place.
 B = Non-inter-level travel time spent in this place.
 C = Inter-level travel time spent in this place.
 D = Time resting spent in this place.
 E = Time spent auto-exploring this place.
 F = Levels seen in this place.
 G = Mean time per level.
                   A        B        C        D        E       F      G
               +--------+--------+--------+--------+--------+-----+--------+
         Total |    614 |    545 |     69 |      0 |    432 |   1 |  614.0 |
       Dungeon |    614 |    545 |     69 |      0 |    432 |   1 |  614.0 |
               +--------+--------+--------+--------+--------+-----+--------+

Top non-repeatable levels by time:
     D:1: 614 daAuts
